 Seeded DCSS version 0.30.1-9-gdf580d7c3d (webtiles) character file.

Game seed: 12358004965579557975 (custom seed)

743912 Iich the Conqueror (level 27, -10/265 (273) HPs)
             Began as a Hill Orc Fighter on Sept 26, 2023.
             Was an Initiate of Gozag.
             Killed from afar by a hellion (23 damage)
             ... with damnation
             ... on level 6 of the Iron City of Dis on Oct 1, 2023.
             The game lasted 02:53:25 (79579 turns).

Iich the Conqueror (Hill Orc Fighter)              Turns: 79579, Time: 02:53:26

HP:   -10/265 (273) AC: 44    Str: 26    XL:     27
MP:   23/23         EV: 18    Int:  7    God:    Gozag
Gold: 436           SH: 38    Dex: 22    Spells: 26/26 levels left

rFire   + . .        L - +8 mithril axe "Arga" {speed, Will+}
rCold   + + +        R - +18 shield of the Gong {Loud rN+ Will+ rCorr EV-5}
rNeg    + + .        c - +14 plate armour of the Farmer {Regen+}
rPois   +            X - +0 helmet of Ru's Outrage {Drain rC+ rN+ rCorr}
rElec   +            E - +4 dragonskin cloak
rCorr   +            A - +2 pair of gloves
SInv    +            v - +2 pair of boots
Will    ++++.        s - amulet of regeneration Stlth
                     F - ring of the Purple Skies {Dex+4 Slay+4}
HPRegen 2.24/turn    b - ring "Cuez Tei" {rElec rPois rC+ Dex-2 SInv}
MPRegen 0.18/turn

%: no passive effects
@: resistant, gold aura, hasted, lightly drained, invisible, corroded, very
quick
A: claws 1, iridescent scales 1, agile 1, cold resistance 1, wild magic 1, no
potion heal 1
}: 5/15 runes: barnacled, slimy, silver, icy, gossamer
a: Renounce Religion, Potion Petition, Call Merchant, Bribe Branch


You were on level 6 of the Iron City of Dis.
You worshipped Gozag.
Gozag was aware of your devotion.
You visited 13 branches of the dungeon, and saw 66 of its levels.
You visited the Abyss 7 times.
You also visited: Ossuary, Bailey, Ice Cave and Wizlab.

You collected 35170 gold pieces.
You spent 6904 gold pieces at shops.
You paid 27830 gold pieces to Gozag.

Inventory:

Hand Weapons
 H - the +9 sword of Zonguldrok {reap}
   (You found it in a wizard's laboratory)
 L - the +8 mithril axe "Arga" (weapon) {speed, Will+}
   (You bought it in a shop on level 1 of the Dungeon)

   Will:      It increases your willpower.
Armour
 c - the +14 plate armour of the Farmer (worn) {Regen+}
   (You bought it in a shop on level 2 of the Vaults)

   Regen:     It increases your rate of health regeneration.
 i - the +3 tower shield "Qopell" {Drain Int+3}
   (You took it off Louise on level 1 of the Shoals)

   Int:       It affects your intelligence (+3).
   Drain:     It drains your maximum health when unequipped.
 v - a +2 pair of boots (worn)
 A - a +2 pair of gloves (worn)
 E - the +4 dragonskin cloak (worn)
   (You took it off Tiamat on level 1 of the Realm of Zot)

   Avatar's Aegis: It grants the wearer a chance to resist fire, cold, poison,
   electricity, acid, and negative energy.
 I - a +2 plate armour of poison resistance
 R - the +18 shield of the Gong (worn) {Loud rN+ Will+ rCorr EV-5}
   (You found it on level 5 of the Vaults)

   Loud:      It is deafeningly noisy when blocking attacks.
   EV:        It affects your evasion (-5).
   rN:        It protects you from negative energy.
   rCorr:     It protects you from acid and corrosion.
   Will:      It increases your willpower.
 X - the +0 helmet of Ru's Outrage (worn) {Drain rC+ rN+ rCorr}
   (You found it in a bailey)

   rC:        It protects you from cold.
   rN:        It protects you from negative energy.
   rCorr:     It protects you from acid and corrosion.
   Drain:     It drains your maximum health when unequipped.
Jewellery
 b - the ring "Cuez Tei" (right hand) {rElec rPois rC+ Dex-2 SInv}
   (You found it in an ice cave)

   [ring of protection from cold]

   Dex:       It affects your dexterity (-2).
   rC:        It protects you from cold.
   rElec:     It insulates you from electricity.
   rPois:     It protects you from poison.
   SInv:      It lets you see invisible.
 e - an amulet of reflection
 m - the necklace of Bloodlust {Fury *Rage Will++ Int-3 Slay+6}
   (You took it off a merfolk impaler on level 1 of the Shoals)

   [amulet of nothing]

   Fury:      It extends the wearer's berserk rage when killing foes.
   Int:       It affects your intelligence (-3).
   Slay:      It affects your accuracy & damage with ranged weapons and melee
   (+6).
   *Rage:     It berserks you when you make melee attacks (+50% chance).
   Will:      It greatly increases your willpower.
 s - an amulet of regeneration (around neck)
 w - the ring of Impatience {EV+5 Dex+2}
   (You took it off a deep elf death mage on level 3 of the Elven Halls)

   [ring of evasion]

   EV:        It affects your evasion (+5).
   Dex:       It affects your dexterity (+2).
 F - the ring of the Purple Skies (left hand) {Dex+4 Slay+4}
   (You found it on level 1 of the Abyss)

   [ring of slaying]

   Dex:       It affects your dexterity (+4).
   Slay:      It affects your accuracy & damage with ranged weapons and melee
   (+4).
 Z - an amulet of reflection
Wands
 j - a wand of acid (21)
 D - a wand of digging (17)
 K - a wand of mindburst (52)
 M - a wand of paralysis (47)
 O - a wand of iceblast (55)
 U - a wand of flame (55)
 Y - a wand of polymorph (15)
Scrolls
 a - 3 scrolls of silence
 f - 10 scrolls of enchant weapon
 g - 12 scrolls of fear
 t - 15 scrolls of teleportation
 u - 7 scrolls of butterflies
 x - 9 scrolls of fog
 B - 2 scrolls of blinking
 C - a scroll of immolation
 S - 10 scrolls of brand weapon
 T - 9 scrolls of poison
 V - 6 scrolls of magic mapping
 W - 6 scrolls of enchant armour
Potions
 d - 16 potions of might
 h - 15 potions of haste
 k - 15 potions of ambrosia
 l - 9 potions of heal wounds
 n - 2 potions of resistance
 o - 2 potions of invisibility
 q - 43 potions of curing
 r - 5 potions of berserk rage
 y - 2 potions of attraction
 G - 4 potions of cancellation
 J - 2 potions of mutation
 P - 5 potions of flight
 Q - a potion of lignification
Miscellaneous
 p - the horn of Geryon
 z - a lightning rod (4/4)
 N - a phial of floods (inert)


   Skills:
 O Level 27 Fighting
 + Level 24.1 Axes
 + Level 23.0 Armour
 + Level 23.7 Dodging
 O Level 27 Shields
 + Level 18.6 Evocations


You had 26 spell levels left.
You didn't know any spells.
Your spell library contained the following spells:

 Spells                   Type           Power      Damage    Failure   Level
 Apportation              Tloc           0%         N/A       92%         1
 Beastly Appendage        Tmut           0%         N/A       92%         1
 Magic Dart               Conj           0%         1d3       92%         1
 Necrotise                Necr           0%         1d4       92%         1
 Sandblast                Erth           0%         2d4       92%         1
 Shock                    Conj/Air       0%         1d3       92%         1
 Slow                     Hex            0%         N/A       92%         1
 Sting                    Tmut/Pois      0%         1d3       92%         1
 Summon Small Mammal      Summ           0%         N/A       92%         1
 Blink                    Tloc           0%         N/A       98%         2
 Call Imp                 Summ           0%         N/A       98%         2
 Cigotuvi's Dreadful Rot  Necr/Pois/Air  0%         N/A       98%         2
 Ensorcelled Hibernation  Hex/Ice        0%         N/A       98%         2
 Lesser Beckoning         Tloc           0%         N/A       98%         2
 Momentum Strike          Conj/Tloc      0%         3d8       98%         2
 Passwall                 Tmut/Erth      0%         N/A       98%         2
 Poisonous Vapours        Pois/Air       0%         N/A       98%         2
 Static Discharge         Conj/Air       0%         2-2/arc   98%         2
 Wereblood                Tmut           0%         N/A       98%         2
 Call Canine Familiar     Summ           0%         N/A       100%        3
 Confusing Touch          Hex            0%         N/A       100%        3
 Frozen Ramparts          Ice            0%         1d1       100%        3
 Ignite Poison            Fire/Tmut/Pois 0%         N/A       100%        3
 Inner Flame              Hex/Fire       0%         N/A       100%        3
 Mephitic Cloud           Conj/Pois/Air  0%         N/A       100%        3
 Portal Projectile        Hex/Tloc       0%         N/A       100%        3
 Spider Form              Tmut/Pois      0%         N/A       100%        3
 Stone Arrow              Conj/Erth      0%         3d7       100%        3
 Summon Guardian Golem    Hex/Summ       0%         N/A       100%        3
 Swiftness                Air            0%         N/A       100%        3
 Tukima's Dance           Hex            0%         N/A       100%        3
 Vampiric Draining        Necr           0%         2d6       100%        3
 Vhi's Electric Charge    Tloc/Air       0%         N/A       100%        3
 Airstrike                Air            0%         2d(0-16)  100%        4
 Anguish                  Hex/Necr       0%         N/A       100%        4
 Animate Armour           Summ/Erth      0%         N/A       100%        4
 Cause Fear               Hex            0%         N/A       100%        4
 Flame Wave               Conj/Fire      0%         2d4       100%        4
 Fulminant Prism          Conj/Hex       0%         3d5       100%        4
 Ice Form                 Ice/Tmut       0%         N/A       100%        4
 Leda's Liquefaction      Hex/Erth       0%         N/A       100%        4
 Manifold Assault         Tloc           0%         N/A       100%        4
 Passage of Golubria      Tloc           0%         N/A       100%        4
 Petrify                  Tmut/Erth      0%         N/A       100%        4
 Sticky Flame             Conj/Fire      0%         2d3       100%        4
 Summon Ice Beast         Ice/Summ       0%         N/A       100%        4
 Summon Lightning Spire   Summ/Air       0%         N/A       100%        4
 Agony                    Necr           0%         N/A       100%        5
 Alistair's Intoxication  Tmut/Pois      0%         N/A       100%        5
 Blade Hands              Tmut           0%         N/A       100%        5
 Borgnjor's Vile Clutch   Necr/Erth      0%         N/A       100%        5
 Freezing Cloud           Conj/Ice/Air   0%         6-21      100%        5
 Irradiate                Conj/Tmut      0%         3d11      100%        5
 Iskenderun's Battlesphe  Conj           0%         2d6       100%        5
 Lee's Rapid Deconstruct  Erth           0%         3d4*      100%        5
 Metabolic Englaciation   Hex/Ice        0%         N/A       100%        5
 Silence                  Hex/Air        0%         N/A       100%        5
 Summon Forest            Summ/Tloc      0%         N/A       100%        5
 Summon Mana Viper        Hex/Summ       0%         N/A       100%        5
 Yara's Violent Unravell  Hex/Tmut       0%         3d3       100%        5
 Conjure Ball Lightning   Conj/Air       0%         3x3d6     100%        6
 Iron Shot                Conj/Erth      0%         9d1       100%        6
 Statue Form              Tmut/Erth      0%         N/A       100%        6
 Summon Cactus Giant      Summ           0%         N/A       100%        6
 Dragon Form              Tmut           0%         N/A       100%        7
 Enfeeble                 Hex            0%         N/A       100%        7
 Haunt                    Necr/Summ      0%         N/A       100%        7
 Malign Gateway           Summ/Tloc      0%         N/A       100%        7
 Monstrous Menagerie      Summ           0%         N/A       100%        7
 Orb of Destruction       Conj           0%         9d5       100%        7
 Spellforged Servitor     Conj/Summ      0%         N/A       100%        7
 Storm Form               Tmut/Air       0%         N/A       100%        7
 Borgnjor's Revivificati  Necr           0%         N/A       100%        8
 Discord                  Hex            0%         N/A       100%        8
 Disjunction              Tloc           0%         N/A       100%        8
 Infestation              Necr           0%         N/A       100%        8
 Lehudib's Crystal Spear  Conj/Erth      0%         10d2      100%        8
 Necromutation            Tmut/Necr      0%         N/A       100%        8
 Summon Horrible Things   Summ           0%         N/A       100%        8
 Dragon's Call            Summ           0%         N/A       100%        9
 Animate Dead             Necr           Unusable   N/A       N/A         4

Dungeon Overview and Level Annotations

Branches:
Dungeon (15/15)            Temple (0/1) D:6            Lair (5/5) D:8
 Shoals (4/4) Lair:2       Spider (4/4) Lair:2        Slime (5/5) Lair:5
    Orc (2/2) D:12            Elf (3/3) Orc:2        Vaults (5/5) D:14
  Crypt (0/3) Vaults:3     Depths (4/4) D:15           Hell (visited)
    Dis (6/7) Hell            Geh (0/7) Hell            Coc (7/7) Hell
    Tar (0/7) Hell            Zot (5/5) Depths:4    Ossuary (visited)
 Bailey (visited)           IceCv (visited)          WizLab (visited)

Altars:
Dithmenos
Gozag
Hepliaklqana
Kikubaaqudgha
Okawaru
Vehumet
Wu Jian
Xom
Yredelemnul
The Shining One

Shops:
D:1 (   D:12 :   Orc:2 =:!!   Elf:1 !   Lair:3 [   Lair:4 *   Shoals:1 =
Shoals:4 *   Vaults:1 !   Vaults:2 :[   Vaults:3 (:   Vaults:4 *   Depths:3 [(:

Portals:
Hell: Depths:1 Depths:2 Depths:3 Depths:4
Abyss: Depths:3
Pandemonium: Depths:2
Ziggurat: Depths:4

Annotations:
D:14 3 runed translucent doors


Innate Abilities, Weirdness & Mutations

You have sharp fingernails.
You are partially covered in iridescent scales. (AC +2)
You are agile. (Dex +4, Str/Int -1)
Your flesh is cold resistant. (rC+)
Your spells are a little harder to cast, but a little more powerful.
Potions are less effective at restoring your health.


Message History

* * * LOW HITPOINT WARNING * * *
The damnation engulfs the caustic shrike!!
You catch the helpless caustic shrike completely off-guard!
You slice the caustic shrike!!
The caustic shrike is heavily wounded.
Unknown command.
Unknown command.
You take 27 damage, and have 62/263 hp.
You catch the helpless caustic shrike completely off-guard!
You open the caustic shrike like a pillowcase!!!
The caustic shrike is almost dead.
You block the caustic shrike's attack.
BONNNG!
Unknown command.
You catch the helpless caustic shrike completely off-guard!
You slice the caustic shrike!!
You kill the caustic shrike!
Unknown command.
The Hell Sentinel gestures at you.
The sphere of damnation explodes!
The damnation engulfs you!!!
* * * LOW HITPOINT WARNING * * *
The damnation engulfs the Hell Sentinel.
The Hell Sentinel completely resists.
The hellion is distracted by your dazzling golden aura.
You see here 35 gold pieces.
Unknown command.
You take 53 damage, and have 11/265 hp.
You hit the Hell Sentinel.
The Hell Sentinel is lightly wounded.
Unknown command.
You hit the Hell Sentinel but do no damage.
The Hell Sentinel is lightly wounded.
Unknown command.
You hit the Hell Sentinel but do no damage.
The Hell Sentinel is lightly wounded.
The hellion is no longer distracted by gold.
The hellion gestures at you.
The sphere of damnation explodes!
The damnation engulfs you!!
You die...
Your body crumbles into a pile of gold.

#################
.....2D1@.$.$...#
∩....r9########.#
.......#..#..^#.#
......9#..'...'.#
.......#..#...#.#
.......#..#...#.#
......>#..#...#2#
.......#..#...#.#
#..#...#.#


You could see an iron golem (unable to see you), a Hell Sentinel, an iron
dragon, a crystal echidna (unable to see you) and a hellion (unable to see you).

Vanquished Creatures
  Antaeus (Coc:7)
  the Royal Jelly (Slime:5)
  9 dread liches
  Tiamat (Zot:1)
  5 ancient liches
  4 orbs of fire
  Mara (Elf:3)
  A juggernaut (Depths:2)
  17 shard shrikes
  Parghit (Zot:1)
  2 Killer Klowns (Zot:5)
  The ghost of Nuaducluc the Sorcerer, a veteran DEFE of Vehumet (Depths:1)
  A caustic shrike (shapeshifter) (Depths:3)
  Xtahua (Vaults:4)
  A curse toe (Zot:2)
  Geryon (Hell)
  14 caustic shrikes
  12 golden dragons
  9 bone dragons
  2 electric golems
  10 Ice Fiends
  21 tentacled monstrosities
  An iron giant (Dis:4)
  Mlioglotl (Shoals:1)
  Rupert (Lair:5)
  A walking crystal tome (Depths:4)
  A hellephant (Abyss:2)
  Jorgrun (Orc:2)
  6 Hell Sentinels
  9 Orb Guardians (Zot:5)
  6 liches
  A walking earthen tome (Depths:2)
  A walking frostbound tome (Depths:3)
  2 deep elf blademasters (Elf:3)
  Polyphemus (Shoals:3)
  18 titans
  An Executioner (Abyss:3)
  8 quicksilver dragons
  2 deep elf master archers (Elf:3)
  27 acid blobs
  Agnes (Spider:1)
  22 tentacled starspawn
  8 tengu reavers
  2 krakens
  15 ancient champions
  The ghost of Amikeex the Brawler, an adept TrMo of Nemelex Xobeh (Depths:1)
  Roxanne (Shoals:2)
  10 death cobs
  6 sphinxes
  17 storm dragons
  6 draconian monks
  A daeva (Abyss:2)
  17 azure jellies
  15 shadow dragons
  7 frost giants
  6 narguns
  6 emperor scorpions
  4 draconian knights
  19 rockslimes
  2 quicksilver elementals
  7 fire giants
  Aizul (Elf:3)
  15 vault wardens
  An iron dragon (Vaults:5)
  4 draconian scorchers
  6 ghost moths
  3 draconian stormcallers
  3 balrugs
  4 deep elf elementalists (Elf:3)
  2 juggernaut zombies
  2 orc warlords
  Louise (Shoals:1)
  9 deep elf sorcerers
  28 ironbound preservers
  8 draconian shifters
  A caustic shrike zombie (Depths:3)
  7 shard shrike simulacra
  4 reapers
  3 curse skulls (Coc:5)
  3 cacodemons
  4 spriggan defenders
  5 draconian annihilators
  43 very ugly things
  4 vampire knights
  9 war gargoyles
  17 quicksilver oozes
  The ghost of Juirae the Grappler, a journeyman TrMo of Wu Jian (Lair:4)
  A broodmother (Spider:4)
  14 stone giants
  A lorocyproca (Abyss:3)
  15 elemental wellsprings
  18 black draconians
  6 ironbound thunderhulks
  Azrael (Orc:1)
  15 green draconians
  7 red draconians
  9 deep elf demonologists
  10 white draconians
  11 dire elephants
  18 wendigos
  9 deep elf annihilators
  7 yellow draconians
  10 purple draconians
  An eidolon (Abyss:3)
  8 spark wasps
  6 iron golems
  4 ettins
  2 blizzard demons (Abyss:3)
  5 merfolk javelineers
  Snorg (Lair:3)
  A crystal guardian (Vaults:4)
  5 entropy weavers
  9 deep elf death magi
  7 fire dragons
  8 deep elf high priests
  9 merfolk impalers
  13 yaktaur captains
  A great orb of eyes (shapeshifter) (Vaults:5)
  8 great orbs of eyes
  3 jiangshi (Depths:3)
  12 rakshasas
  A quicksilver dragon skeleton (Abyss:2)
  3 peacekeepers
  34 vault guards
  13 caustic shrike simulacra
  10 juggernaut simulacra
  4 hydras
  An ogre mage (Orc:2)
  A radroach (Spider:1)
  2 death knights (Vaults:3)
  3 spriggan air magi
  14 ice dragons
  3 catoblepae
  9 merfolk avatars
  An alligator snapping turtle (Shoals:2)
  26 centaur warriors
  5 boulder beetles
  11 ironbound frosthearts
  A death scarab (Spider:4)
  27 dancing weapons
  5 merfolk aquamancers
  A naga warrior (Abyss:3)
  7 hell hogs
  5 satyrs
  6 two-headed ogres
  A deep troll shaman (Depths:3)
  10 death yaks
  8 deep troll earth magi
  6 tengu warriors
  9 thrashing horrors
  4 spriggan berserkers (Depths:3)
  4 vampire magi
  A titan zombie (Abyss:2)
  Sonja (Lair:3)
  Urug (Orc:2)
  16 deep elf knights
  3 hell knights
  3 crystal echidnas
  3 skysharks
  21 wretched stars
  3 iron trolls
  4 soul eaters (Hell)
  4 sun demons
  A storm dragon skeleton (Depths:3)
  10 sea snakes
  5 skeletal warriors
  3 shadow wraiths
  A bunyip zombie (Abyss:2)
  3 sixfirhies
  8 pharaoh ants
  4 quicksilver dragon simulacra
  9 glowing orange brains
  5 shadow demons
  54 deep trolls
  9 orb spiders
  An anaconda zombie (Hell)
  6 flayed ghosts
  A bunyip skeleton (Hell)
  7 steelbarb worms
  9 lindwurms
  11 wizards
  9 orc knights
  5 phantasmal warriors
  27 ironbound convokers
  9 deep elf archers
  24 deep elf zephyrmancers
  4 necromancers
  14 harpies
  24 deep elf pyromancers
  14 manticores
  3 orc sorcerers
  A cyclops (shapeshifter) (Vaults:4)
  A will-o-the-wisp (Abyss:2)
  3 shining eyes
  47 ugly things
  34 moths of wrath
  29 fauns
  11 cyclopes
  A stone giant skeleton (Abyss:3)
  2 moths of wrath (shapeshifter)
  6 worldbinders
  Maurice (D:8)
  9 wolf spiders
  13 merfolk sirens
  3 rust devils
  5 apocalypse crabs
  26 vault sentinels
  4 black mambas
  2 eyes of devastation
  9 demonic crawlers
  3 ice statues (IceCv)
  A frost giant skeleton (Depths:3)
  7 orange demons
  2 unseen horrors
  9 water nymphs
  5 titan simulacra
  7 torpor snails
  2 eyes of devastation (shapeshifter)
  An alligator snapping turtle zombie (Hell)
  13 cane toads
  18 smoke demons
  3 hellions (Hell)
  3 gargoyles
  41 yaktaurs
  2 kobold demonologists
  A rime drake (shapeshifter) (Abyss:2)
  5 freezing wraiths
  4 tengu conjurers
  A bunyip simulacrum (Coc:1)
  9 tormentors
  An alligator snapping turtle skeleton (Abyss:3)
  8 komodo dragons
  2 anaconda simulacra
  A red devil (Abyss:2)
  An ice devil (Abyss:2)
  9 ancient zymes
  2 golden dragon simulacra
  2 iron giant simulacra
  14 meliai
  A queen bee (shapeshifter) (Depths:3)
  8 trolls
  25 merfolk
  A meliai (shapeshifter) (Vaults:5)
  4 wind drakes
  4 polar bears
  21 tarantellas
  A wind drake (shapeshifter) (Vaults:5)
  3 hellwings
  39 raiju
  A dream sheep (shapeshifter) (Abyss:1)
  10 blink frogs
  A shadow dragon simulacrum (Coc:1)
  8 hornets
  Prince Ribbit (D:8)
  13 dream sheep
  2 iron dragon simulacra
  A slime creature (shapeshifter) (Elf:2)
  2 stone giant simulacra
  10 snapping turtles
  97 slime creatures
  6 air elementals
  26 jumping spiders
  25 culicivoras
  2 black mamba zombies (Hell)
  9 dire elephant simulacra
  A centaur simulacrum (Hell)
  14 spriggans
  15 water elementals
  17 ynoxinuls
  7 naga simulacra
  2 wyverns
  5 vampires
  34 yaks
  3 wraiths
  2 alligator snapping turtle simulacra
  3 basilisks
  8 fire bats (Abyss:1)
  Eustachio (D:4)
  4 fire elementals
  7 golden eyes
  Grum (D:8)
  A steam dragon (D:9)
  9 neqoxecs
  5 chaos spawn
  A death yak simulacrum (D:13)
  73 redbacks
  20 harpy simulacra
  Menkaure (D:4)
  79 starcursed masses
  5 vampire mosquitoes
  6 wargs
  3 two-headed ogre zombies (WizLab)
  A naga (Abyss:3)
  6 hydra simulacra
  40 small abominations
  A swamp worm (shapeshifter) (Vaults:5)
  An acid dragon (D:13)
  9 hell hounds
  2 floating eyes (Depths:3)
  13 water moccasins
  51 large abominations
  2 sky beasts
  A swamp drake (shapeshifter) (Vaults:5)
  A black bear (shapeshifter) (Depths:4)
  A naga skeleton (Hell)
  52 orc warriors
  2 fire dragon simulacra (Hell)
  4 ettin simulacra
  9 black bears
  2 ice beasts
  41 wolves
  13 boggarts
  7 ogres
  18 centaurs
  5 slime creature simulacra (IceCv)
  17 bullfrogs
  3 kobold brigands
  4 earth elementals
  18 scorpions
  3 glowing shapeshifter simulacra (IceCv)
  A gnoll sergeant (D:9)
  A two-headed ogre simulacrum (D:13)
  3 wights (WizLab)
  A cane toad simulacrum (D:13)
  A killer bee (shapeshifter) (Vaults:5)
  10 troll zombies (WizLab)
  19 killer bees
  6 howler monkeys
  2 electric eels (D:8)
  6 quasits
  10 jellies
  2 centaur zombies (Ossuary)
  8 hounds
  A gnoll bouda (Lair:1)
  15 orc priests
  3 iguanas
  2 iron imps
  4 human zombies (Ossuary)
  A scorpion zombie (Ossuary)
  A sleepcap (D:8)
  3 troll simulacra (D:13)
  A polar bear simulacrum (D:13)
  7 hell rats
  3 shapeshifter simulacra (IceCv)
  22 orc wizards
  6 spriggan simulacra
  8 ogre zombies (WizLab)
  3 mummies (Ossuary)
  Robin (D:3)
  7 adders
  16 gnolls
  3 river rats (Lair:4)
  A shadow imp (Abyss:2)
  11 white imps
  15 ufetubi
  2 worms
  A dart slug (D:1)
  85 orcs
  2 endoplasms (D:4)
  A giant cockroach (D:1)
  34 goblins
  13 hobgoblins
  12 quokkas
  8 ball pythons
  4 bats
  3 frilled lizards
  2 gnoll zombies (Ossuary)
  4 hobgoblin zombies (Ossuary)
  14 kobolds
  4 kobold zombies (Ossuary)
  2 orc zombies (Ossuary)
  10 rats
  2 fire vortices (Hell)
  2 lurking horrors (Abyss:3)
  5 spectral weapons (Coc:7)
  17 starspawn tentacles
  A tentacle (Shoals:4)
3186 creatures vanquished.

Vanquished Creatures (collateral kills)
  An ancient lich (Zot:5)
  A Killer Klown (Zot:5)
  An electric golem (Zot:5)
  4 Orb Guardians (Zot:5)
  A draconian shifter (Zot:5)
  An ice dragon (Coc:7)
9 creatures vanquished.

Vanquished Creatures (others)
  A dread lich (Zot:5)
  An ancient lich (Zot:5)
  An orb of fire (Zot:5)
  A tentacled monstrosity (Zot:5)
  A Hell Sentinel (Dis:6)
  5 Orb Guardians (Zot:5)
  A frost giant (Depths:1)
  An azure jelly (Coc:6)
  An elemental wellspring (Coc:3)
  A white draconian (Zot:5)
  3 caustic shrike simulacra
  A juggernaut simulacrum (Coc:5)
  A merfolk aquamancer (Shoals:4)
  A thrashing horror (Abyss:2)
  A sea snake (Shoals:4)
  A quicksilver dragon simulacrum (Coc:7)
  5 spriggan simulacra
  A moth of wrath (Zot:1)
  A faun (Shoals:4)
  A large abomination (Abyss:1)
  A guardian serpent (Abyss:3)
  2 merfolk sirens (Shoals:4)
  3 anaconda simulacra
  A bunyip simulacrum (Coc:1)
  2 merfolk (Shoals:4)
  A shadow dragon simulacrum (Hell)
  A wind drake (Shoals:4)
  A stone giant simulacrum (Coc:1)
  A raiju (Abyss:1)
  An iron dragon simulacrum (Coc:7)
  A slime creature (IceCv)
  A basilisk (D:13)
  A dire elephant simulacrum (Coc:1)
  2 neqoxecs
  3 small abominations
  2 harpy simulacra
  A hydra simulacrum (Coc:5)
  3 ettin simulacra
  An endoplasm (Abyss:3)
  10 foxfires (Abyss:2)
  3 lurking horrors
  32 starspawn tentacles
  7 tentacles
111 creatures vanquished.

Grand Total: 3306 creatures vanquished

Notes
Turn   | Place    | Note
-------+----------+-------------------------------------------
     0 | D:1      | Iich the Hill Orc Fighter began the quest for the Orb.
     0 | D:1      | Reached XP level 1. HP: 19/19 MP: 1/1
    20 | D:1      | Found Pyqo's Weapon Boutique.
   188 | D:1      | Reached XP level 2. HP: 23/27 MP: 2/2
   432 | D:1      | Reached XP level 3. HP: 33/33 MP: 3/3
   676 | D:2      | Identified the +6 whip of Hepliaklqana's Hatred {flame,
                  | rPois rN+ SInv}
   712 | D:2      | Found a shimmering altar of Xom.
   858 | D:2      | Found a faded altar of an unknown god.
  1183 | D:3      | Reached skill level 1 in Dodging
  1191 | D:3      | Identified the +6 dagger "Uvvig" {venom, Int+3}
  1211 | D:3      | Identified the +4 helmet "Rovuuf" {rF+}
  1211 | D:3      | Noticed Robin
  1239 | D:3      | Killed Robin
  1240 | D:3      | Reached XP level 4. HP: 23/40 MP: 4/4
  2114 | D:4      | Noticed Menkaure
  2128 | D:4      | Killed Menkaure
  2129 | D:4      | Reached skill level 5 in Fighting
  2129 | D:4      | Reached XP level 5. HP: 20/48 MP: 5/5
  2129 | D:4      | Reached XP level 6. HP: 23/56 MP: 6/6
  2379 | D:4      | Found a shadowy altar of Dithmenos.
  2754 | D:4      | Noticed Eustachio
  2770 | D:4      | Killed Eustachio
  2771 | D:4      | Reached skill level 5 in Axes
  2816 | D:4      | Noticed a black bear
  2821 | D:4      | Killed a black bear
  2822 | D:4      | Reached skill level 5 in Armour
  2822 | D:4      | Reached XP level 7. HP: 61/61 MP: 7/7
  2923 | D:4      | Found an ornate altar of the Wu Jian Council.
  3299 | D:5      | Entered Level 5 of the Dungeon
  3299 | D:5      | Noticed a troll
  3319 | D:4      | Killed a troll
  3594 | D:5      | Reached XP level 8. HP: 69/71 MP: 8/8
  4029 | D:5      | Found a basalt altar of Yredelemnul.
  4029 | D:5      | Found a glowing golden altar of the Shining One.
  4033 | D:5      | Found an opulent altar of Gozag.
  4034 | D:5      | Found an ancient bone altar of Kikubaaqudgha.
  4042 | D:5      | Became a worshipper of Gozag Ym Sagoz the Greedy
  4899 | D:6      | Reached XP level 9. HP: 38/79 MP: 9/9
  5078 | D:6      | Found a staircase to the Ecumenical Temple.
  5370 | D:7      | Found a sand-covered staircase.
  5374 | Ossuary  | Entered an ossuary
  5420 | Ossuary  | Reached skill level 5 in Dodging
  5945 | D:7      | Reached XP level 10. HP: 91/91 MP: 10/10
  7204 | D:8      | Reached skill level 10 in Axes
  7673 | D:8      | Found a staircase to the Lair.
  7903 | D:1      | Bought the +8 mithril axe "Arga" {speed, Will+} for 839
                  | gold pieces
  7903 | D:1      | Found the +8 mithril axe "Arga" {speed, Will+}
  8125 | D:8      | Found an iron altar of Okawaru.
  8159 | D:8      | Found a hazy altar of Hepliaklqana.
  8268 | D:8      | Noticed Prince Ribbit
  8273 | D:8      | Noticed Grum
  8277 | D:8      | Killed Prince Ribbit
  8285 | D:8      | Killed Grum
  8290 | D:8      | Reached skill level 10 in Fighting
  8562 | D:8      | Noticed Maurice
  8575 | D:8      | Killed Maurice
  8973 | D:9      | Found a radiant altar of Vehumet.
  9117 | D:9      | Reached XP level 11. HP: 70/101 MP: 11/11
  9525 | D:10     | Entered Level 10 of the Dungeon
  9607 | D:10     | Noticed a two-headed ogre
  9617 | D:10     | Killed a two-headed ogre
  9636 | D:10     | Noticed a boulder beetle
  9647 | D:10     | Noticed a green ugly thing
  9661 | D:10     | Killed a green ugly thing
  9662 | D:10     | Reached skill level 10 in Armour
  9666 | D:10     | Killed a boulder beetle
  9748 | D:10     | Found a flagged portal.
  9765 | Bailey   | Entered a bailey
 10065 | Bailey   | Noticed an orc knight
 10065 | Bailey   | Noticed an orc warlord
 10066 | Bailey   | Noticed an orc knight
 10077 | Bailey   | Killed an orc knight
 10088 | Bailey   | Killed an orc knight
 10095 | Bailey   | Killed an orc warlord
 10187 | Bailey   | Identified the +2 trident of Quth {speed, Int+6 Dex+3}
 10200 | Bailey   | Identified the +0 helmet of Ru's Outrage {Drain rC+ rN+
                  | rCorr}
 10206 | Bailey   | Acquired 690 gold pieces
 10537 | D:10     | Gained mutation: You have a pair of small horns on your
                  | head. [potion of mutation]
 10538 | D:10     | Lost mutation: You have a pair of small horns on your head.
                  | [potion of mutation]
 10538 | D:10     | Gained mutation: Your muscles are strong. (Str +4, Int/Dex
                  | -1) [potion of mutation]
 10538 | D:10     | Gained mutation: You are partially covered in iridescent
                  | scales. (AC +2) [potion of mutation]
 10623 | D:10     | Reached XP level 12. HP: 73/112 MP: 12/12
 11321 | D:11     | Noticed a boulder beetle
 11331 | D:11     | Killed a boulder beetle
 11530 | D:11     | You fall into a shaft and drop 3 floors!
 11643 | D:13     | Found a frozen archway.
 11671 | IceCv    | Entered an ice cave
 12458 | IceCv    | Found a viscous altar of Jiyva.
 12459 | IceCv    | Noticed an azure jelly
 12479 | IceCv    | Killed an azure jelly
 12480 | IceCv    | Reached XP level 13. HP: 71/122 MP: 13/13
 12648 | IceCv    | Got the ring "Cuez Tei" {rElec rPois rC+ Dex-2 SInv}
 12653 | IceCv    | Got the ring "Gyomyr Umua" {rC+ rN+ Will+ Str+4 Int-4}
 12656 | IceCv    | Identified the +1 ring mail "Jody" {+Inv rF+ Str+3}
 13993 | D:12     | Found a staircase to the Orcish Mines.
 14264 | D:12     | Found Fusser's Book Shop.
 15394 | Lair:1   | Entered Level 1 of the Lair of Beasts
 15400 | Lair:1   | Reached skill level 15 in Axes
 15401 | Lair:1   | Reached skill level 5 in Shields
 16386 | Lair:2   | Reached skill level 10 in Dodging
 16474 | Lair:2   | Found a hole to the Spider Nest.
 16906 | Lair:2   | Reached XP level 14. HP: 122/133 MP: 14/14
 17002 | Lair:2   | Found a staircase to the Shoals.
 17798 | Lair:3   | Noticed Sonja
 17806 | Lair:3   | Killed Sonja
 17921 | Lair:3   | Noticed Snorg
 17935 | Lair:3   | Killed Snorg
 18332 | Lair:3   | Bought a glowing plate armour for 598 gold pieces
 18617 | Lair:4   | Noticed Juirae's ghost (journeyman TrMo)
 18618 | Lair:4   | Found a runed translucent door.
 19323 | Lair:4   | Reached skill level 15 in Fighting
 19724 | Lair:4   | Killed Juirae's ghost
 19795 | Lair:4   | Bought a warped plate armour for 924 gold pieces
 19795 | Lair:4   | Identified the +8 plate armour of Spite {Str+4 Int+7} (You
                  | bought it in a shop on level 4 of the Lair of Beasts)
 19831 | Lair:5   | Entered Level 5 of the Lair of Beasts
 20525 | Lair:5   | Found a staircase to the Slime Pits.
 20934 | Lair:5   | Identified the +5 broad axe "Fapudd" {heavy, Int-2 Dex+6}
 21159 | Lair:5   | Reached XP level 15. HP: 143/143 MP: 15/15
 21199 | Lair:5   | Noticed Rupert
 21207 | Lair:5   | Paralysed by Rupert for 5 turns
 21214 | Lair:5   | Killed Rupert
 21706 | Orc:1    | Entered Level 1 of the Orcish Mines
 21875 | Orc:2    | Entered Level 2 of the Orcish Mines
 21875 | Orc:2    | Found a staircase to the Elven Halls.
 21886 | Orc:2    | Noticed Jorgrun
 21908 | Orc:2    | Killed Jorgrun
 21917 | Orc:2    | Noticed Azrael
 22297 | Orc:1    | Killed Azrael
 22701 | Orc:2    | Noticed Urug
 22716 | Orc:2    | Killed Urug
 22750 | Orc:2    | Found Metwe's Book Shop.
 22750 | Orc:2    | Found Matihoxi's Distillery.
 22760 | Orc:2    | Found Utesewic's Distillery.
 22772 | Orc:2    | Found Dejaud's Jewellery Boutique.
 22812 | Orc:2    | Bought a potion of heal wounds for 85 gold pieces
 22812 | Orc:2    | Bought a potion of mutation for 136 gold pieces
 22812 | Orc:2    | Bought a potion of haste for 170 gold pieces
 22812 | Orc:2    | Bought a potion of haste for 170 gold pieces
 22957 | Orc:2    | Bought a +5 ring of evasion for 540 gold pieces
 23271 | Orc:1    | Reached skill level 10 in Shields
 23293 | Orc:1    | Noticed an orc warlord
 23323 | Orc:1    | Killed an orc warlord
 24146 | D:14     | Found a gate to the Vaults.
 24283 | D:14     | Found a runed translucent door.
 24305 | D:14     | Found a runed translucent door.
 24318 | D:14     | Found a runed translucent door.
 25033 | D:15     | Entered Level 15 of the Dungeon
 25077 | D:15     | Reached XP level 16. HP: 153/155 MP: 16/16
 25659 | D:15     | Found a staircase to the Depths.
 25991 | Spider:1 | Entered Level 1 of the Spider Nest
 26080 | Spider:1 | Noticed Agnes
 26087 | Spider:1 | Killed Agnes
 26714 | Spider:1 | Gained mutation: Your magical capacity is low. (-10% MP)
                  | [mutagenic glow]
 28404 | Shoals:1 | Entered Level 1 of the Shoals
 28545 | Shoals:1 | Found Huroosk's Jewellery Shoppe.
 28590 | Shoals:1 | Noticed Mlioglotl
 28624 | Shoals:1 | Killed Mlioglotl
 28640 | Shoals:1 | Reached XP level 17. HP: 96/166 MP: 15/15
 28821 | Shoals:1 | Found a radiant altar of Vehumet.
 28949 | Shoals:1 | Found a runed translucent door.
 28952 | Shoals:1 | Found the amulet of the Air {Inacc Air Fly rElec RMsl}
 29194 | Shoals:1 | Identified the +3 tower shield "Qopell" {Drain Int+3}
 29194 | Shoals:1 | Noticed Louise
 29228 | Shoals:1 | Killed Louise
 29293 | Shoals:1 | Got the Guide on Interference
 30151 | Shoals:1 | Acquired 598 gold pieces
 30284 | Shoals:2 | Identified Roxanne's Discourse on Erosion
 30284 | Shoals:2 | Noticed Roxanne
 30527 | Shoals:2 | Killed Roxanne
 30722 | Shoals:2 | Noticed a kraken
 30733 | Shoals:2 | Killed a kraken
 31360 | Shoals:2 | Identified the +7 falchion of Gozag's Whim {venom, Will+}
 31724 | Shoals:3 | Identified the +1 scale mail of the Arcane {Dex+2 SInv}
 32049 | Shoals:3 | Noticed a titan
 32100 | Shoals:3 | Killed a titan
 32358 | Shoals:3 | Identified the +1 ring mail "Kuinkig" {Dex+5}
 32391 | Shoals:3 | Noticed Polyphemus
 32419 | Shoals:3 | Killed Polyphemus
 33163 | Spider:4 | Entered Level 4 of the Spider Nest
 33173 | Spider:4 | Reached XP level 18. HP: 169/178 MP: 16/16
 33269 | Spider:4 | Reached skill level 15 in Shields
 34372 | Spider:4 | Got a gossamer rune of Zot
 34645 | Spider:4 | Reached skill level 15 in Dodging
 35358 | Shoals:4 | Entered Level 4 of the Shoals
 35588 | Vaults:1 | Entered Level 1 of the Vaults
 35722 | Vaults:1 | Reached XP level 19. HP: 150/189 MP: 17/17
 36368 | Vaults:1 | Found Jigyzal's Distillery.
 36372 | Vaults:1 | Bought a potion of cancellation for 128 gold pieces
 36372 | Vaults:1 | Bought a potion of heal wounds for 80 gold pieces
 36372 | Vaults:1 | Bought a potion of curing for 48 gold pieces
 36372 | Vaults:1 | Bought a potion of haste for 160 gold pieces
 36999 | Vaults:1 | Identified the +1 robe of Eternity {Rampage Regen+ Stlth+}
 37244 | Vaults:2 | Found Geof's Book Shoppe.
 37561 | Vaults:2 | Found Ycuowo Vius's Antique Armour Boutique.
 37603 | Vaults:2 | Bought a faintly humming plate armour for 980 gold pieces
 37603 | Vaults:2 | Identified the +0 plate armour "Gigyq" {rC- Will+ rCorr
                  | SInv} (You bought it in a shop on level 2 of the Vaults)
 37603 | Vaults:2 | Bought a faintly glowing plate armour for 980 gold pieces
 37603 | Vaults:2 | Identified the +14 plate armour of the Farmer {Regen+} (You
                  | bought it in a shop on level 2 of the Vaults)
 37985 | Vaults:2 | Identified the amulet "Usyezxoh" {RegenMP Slay+2}
 38019 | Vaults:2 | Reached XP level 20. HP: 202/202 MP: 18/18
 38876 | Vaults:3 | Found a staircase to the Crypt.
 39664 | Vaults:3 | Found Wetel's Book Emporium.
 39909 | Vaults:3 | Found Roff's Weapon Emporium.
 40380 | Vaults:4 | Found a magical portal.
 40388 | WizLab   | Entered Zonguldrok's Shrine
 40702 | WizLab   | Noticed an antique lich
 40704 | WizLab   | Found the +9 sword of Zonguldrok {reap}
 40711 | WizLab   | Killed an antique lich
 41314 | Vaults:4 | Reached XP level 21. HP: 208/213 MP: 18/18
 42023 | Vaults:4 | Found Zotwaw's Assorted Antiques.
 42054 | Vaults:4 | Bought a scroll of enchant armour for 330 gold pieces
 42139 | Vaults:4 | Noticed Xtahua
 42147 | Vaults:4 | Killed Xtahua
 42754 | Elf:1    | Entered Level 1 of the Elven Halls
 42756 | Elf:1    | Paralysed by an air elemental for 1 turns
 42927 | Elf:1    | Found Batwud's Distillery.
 42988 | Elf:1    | Got the Anthology of Calling
 43068 | Elf:1    | Bought a potion of mutation for 88 gold pieces
 44014 | Elf:2    | Found a runed translucent gate.
 44015 | Elf:2    | Found a runed translucent gate.
 44015 | Elf:2    | Found a runed translucent gate.
 44709 | Elf:3    | Entered Level 3 of the Elven Halls
 44760 | Elf:3    | Noticed Aizul
 44769 | Elf:3    | Killed Aizul
 44770 | Elf:3    | Reached XP level 22. HP: 224/224 MP: 19/19
 44979 | Elf:3    | Got the Annotations on Displaced Contamination
 45092 | Elf:3    | Noticed Mara
 45105 | Elf:3    | Noticed Iich's illusion
 45110 | Elf:3    | Killed Mara
 45608 | Elf:3    | Identified the +7 glaive of Dim Light {flame, rF+ Will+}
 45608 | Elf:3    | Identified the ring of the Bashing Traitor {rC+ Will+
                  | Str+4}
 45629 | Elf:3    | Identified the staff of poison "Ulofapp" {rPois Str+5 Dex-3
                  | SInv}
 46062 | Elf:3    | Found the +10 dark maul {heavy}
 46168 | Elf:3    | Identified the +7 spear of Reabiu {antimagic, *Rage rPois
                  | Dex+3}
 46173 | Elf:3    | Identified the staff of conjuration "Peixiah" {*Corrode
                  | +Blink Int+7 Dex-5}
 46177 | Elf:3    | Identified the +5 scale mail of the Farrier {Str+5}
 46231 | Elf:3    | Identified the +3 quarterstaff of Dikiakh {vamp, rC+ rCorr
                  | Str+2}
 46233 | Elf:3    | Identified the ring of Impatience {EV+5 Dex+2}
 46396 | Elf:3    | Identified the +0 scale mail of the Eagle {rPois}
 46437 | Elf:3    | Identified the -2 pair of boots of the Stag {Rampage Dex+4}
 46705 | Depths:1 | Entered Level 1 of the Depths
 46759 | Depths:1 | Found a shimmering altar of Xom.
 47202 | Depths:1 | Found a gateway to Hell.
 47416 | Depths:1 | Reached skill level 1 in Evocations
 47653 | Depths:1 | Found a runed translucent gate.
 47653 | Depths:1 | Found an ancient bone altar of Kikubaaqudgha.
 47653 | Depths:1 | Found a runed translucent gate.
 47653 | Depths:1 | Noticed Amikeex's ghost (adept TrMo)
 47653 | Depths:1 | Noticed Nuaducluc's ghost (veteran DEFE)
 47654 | Depths:1 | Found a runed translucent gate.
 47654 | Depths:1 | Noticed a dread lich
 47654 | Depths:1 | Noticed a dread lich
 47843 | Depths:1 | Killed Nuaducluc's ghost
 47846 | Depths:1 | Killed a dread lich
 47848 | Depths:1 | Killed a dread lich
 47853 | Depths:1 | Killed Amikeex's ghost
 47889 | Depths:1 | Got Kikubaaqudgha's Quarto of Zombies
 47900 | Depths:1 | Identified the ring of Jiddage {rPois Str+3}
 47909 | Depths:1 | Identified the +0 pair of boots "Ygenuowa" {Fly}
 48043 | Depths:1 | Reached XP level 23. HP: 236/236 MP: 20/20
 48802 | Depths:2 | Found a one-way gate leading to the halls of Pandemonium.
 49134 | Depths:2 | Noticed a juggernaut
 49148 | Depths:2 | Killed a juggernaut
 49149 | Depths:2 | Reached skill level 5 in Evocations
 49323 | Depths:3 | Found Likaysch's Armour Shoppe.
 49323 | Depths:3 | Found Jikeux's Antique Weapon Shop.
 49786 | Depths:3 | Noticed a golden dragon
 49795 | Depths:3 | Killed a golden dragon
 50192 | Depths:3 | Identified the +9 halberd "Tococ" {freeze, rCorr Str-3
                  | Dex+4}
 50213 | Depths:3 | Identified the ring "Ycuen" {Fire rElec}
 50259 | Depths:3 | Reached XP level 24. HP: 247/247 MP: 20/20
 50370 | Depths:3 | Found a one-way gate to the infinite horrors of the Abyss.
 50405 | Depths:3 | Found Wyca's Book Shoppe.
 50551 | Depths:4 | Entered Level 4 of the Depths
 50825 | Depths:4 | Found a one-way gateway to a ziggurat.
 50865 | Depths:4 | Found a glowing golden altar of the Shining One.
 51128 | Depths:4 | Found a gate to the Realm of Zot.
 51427 | Depths:3 | Noticed a caustic shrike
 51432 | Depths:3 | Killed a caustic shrike
 51879 | Vaults:5 | Entered Level 5 of the Vaults
 51952 | Vaults:5 | Reached skill level 27 in Fighting
 51963 | Vaults:5 | Reached skill level 15 in Armour
 51998 | Vaults:5 | Noticed an ancient lich
 52019 | Vaults:5 | Killed an ancient lich
 52601 | Vaults:5 | Reached XP level 25. HP: 215/252 MP: 20/20
 52658 | Vaults:5 | Identified the amulet "Xiganiv" {*Slow rF+++ Regen+ rCorr
                  | Dex+3}
 52703 | Vaults:5 | Identified the staff of death "Meuff" {rElec rPois rN+
                  | Str+3}
 52896 | Vaults:5 | Identified the +1 plate armour "Pigapuc" {Dex+5}
 52903 | Vaults:5 | Got a silver rune of Zot
 52970 | Vaults:5 | Found the +18 shield of the Gong {Loud rN+ Will+ rCorr
                  | EV-5}
 53067 | Vaults:5 | Identified the amulet of Broken Luck {Spirit Harm}
 53187 | Vaults:5 | Identified the +2 robe "Vigit" {Rampage rF- Regen+ Stlth-}
 53217 | Vaults:5 | Identified the +1 war axe of Zuoxee {heavy, Int+3}
 53326 | Vaults:5 | Noticed an ancient lich
 53336 | Vaults:5 | Killed an ancient lich
 53953 | Depths:3 | Voluntarily entered the Abyss.
 54035 | Abyss:1  | Gained mutation: Your spells are a little easier to cast,
                  | but a little less powerful. [a cacodemon]
 54220 | Abyss:1  | Found a transporter.
 54241 | Abyss:1  | Found a corrupted altar of Lugonu.
 54248 | Abyss:1  | Found a corrupted altar of Lugonu.
 54252 | Abyss:1  | Found a transporter.
 54256 | Abyss:1  | Lost intelligence.
 54336 | Abyss:1  | Found a transporter.
 54359 | Abyss:1  | Identified the ring of the Purple Skies {Dex+4 Slay+4}
 54370 | Abyss:1  | Found a transporter.
 54392 | Abyss:1  | Identified the +2 hand axe of the Demagogue {freeze, rCorr}
 54448 | Abyss:1  | Reached skill level 10 in Evocations
 54742 | Abyss:1  | Found a corrupted altar of Lugonu.
 55384 | Abyss:1  | Noticed an ancient lich
 55407 | Abyss:1  | Killed an ancient lich
 55414 | Abyss:1  | Found a corrupted altar of Lugonu.
 55579 | Abyss:2  | Noticed a dread lich
 55603 | Abyss:2  | Killed a dread lich
 55610 | Abyss:2  | Lost intelligence.
 55652 | Abyss:2  | Gained mutation: You do not regenerate when monsters are
                  | visible. [a neqoxec]
 55669 | Depths:3 | Escaped the Abyss
 56085 | Depths:3 | Voluntarily entered the Abyss.
 56138 | Abyss:2  | Noticed a dread lich
 56140 | Abyss:2  | Killed a dread lich
 56168 | Abyss:2  | Gained mutation: You passively map a small area around you.
                  | [a cacodemon]
 56218 | Abyss:2  | Found a corrupted altar of Lugonu.
 56226 | Depths:3 | Escaped the Abyss
 56300 | Depths:3 | Lost mutation: Your muscles are strong. (Str +4, Int/Dex
                  | -1) [potion of mutation]
 56300 | Depths:3 | Lost mutation: Your spells are a little easier to cast, but
                  | a little less powerful. [potion of mutation]
 56300 | Depths:3 | Gained mutation: You are dopey. (Int -2) [potion of
                  | mutation]
 56300 | Depths:3 | Gained mutation: You are agile. (Dex +4, Str/Int -1)
                  | [potion of mutation]
 56301 | Depths:3 | Lost mutation: You are partially covered in iridescent
                  | scales. (AC +2) [potion of mutation]
 56301 | Depths:3 | Lost mutation: Your magical capacity is low. (-10% MP)
                  | [potion of mutation]
 56301 | Depths:3 | Gained mutation: You have a pair of small horns on your
                  | head. [potion of mutation]
 56301 | Depths:3 | Lost mutation: You are agile. (Dex +4, Str/Int -1) [potion
                  | of mutation]
 56302 | Depths:3 | Lost mutation: You have a pair of small horns on your head.
                  | [potion of mutation]
 56302 | Depths:3 | Lost mutation: You are dopey. (Int -2) [potion of mutation]
 56302 | Depths:3 | Gained mutation: Your muscles are strong. (Str +4, Int/Dex
                  | -1) [potion of mutation]
 56302 | Depths:3 | Gained mutation: Your body sometimes deteriorates upon
                  | taking damage. [potion of mutation]
 56302 | Depths:3 | Gained mutation: You have large cloven feet. [potion of
                  | mutation]
 56303 | Depths:3 | Lost mutation: You have large cloven feet. [potion of
                  | mutation]
 56303 | Depths:3 | Lost mutation: You do not regenerate when monsters are
                  | visible. [potion of mutation]
 56303 | Depths:3 | Gained mutation: You are agile. (Dex +4, Str/Int -1)
                  | [potion of mutation]
 56305 | Depths:3 | Voluntarily entered the Abyss.
 56388 | Abyss:2  | Lost intelligence.
 56430 | Abyss:2  | Paralysed by you for 2 turns
 56493 | Abyss:2  | Lost intelligence.
 56503 | Abyss:2  | Paralysed by accursed screaming for 1 turns
 56706 | Abyss:2  | Reached XP level 26. HP: 188/266 MP: 23/23
 56846 | Abyss:2  | Gained mutation: You have hidden genetic defects. [a
                  | neqoxec]
 56918 | Depths:3 | Escaped the Abyss
 57204 | Depths:3 | Voluntarily entered the Abyss.
 57406 | Depths:3 | Escaped the Abyss
 57557 | Depths:3 | Lost mutation: Your muscles are strong. (Str +4, Int/Dex
                  | -1) [potion of mutation]
 57557 | Depths:3 | Lost mutation: You are agile. (Dex +4, Str/Int -1) [potion
                  | of mutation]
 57557 | Depths:3 | Gained mutation: Your mind is acute. (Int +4, Str/Dex -1)
                  | [potion of mutation]
 57557 | Depths:3 | Gained mutation: You sometimes lose your temper in combat.
                  | [potion of mutation]
 57557 | Depths:3 | Gained mutation: You have a pair of small horns on your
                  | head. [potion of mutation]
 57558 | Depths:3 | Lost mutation: You have hidden genetic defects. [potion of
                  | mutation]
 57558 | Depths:3 | Lost mutation: You sometimes lose your temper in combat.
                  | [potion of mutation]
 57558 | Depths:3 | Lost mutation: You passively map a small area around you.
                  | [potion of mutation]
 57558 | Depths:3 | Gained mutation: You have sharp toenails. [potion of
                  | mutation]
 57559 | Depths:3 | Lost mutation: Your mind is acute. (Int +4, Str/Dex -1)
                  | [potion of mutation]
 57559 | Depths:3 | Lost mutation: You have sharp toenails. [potion of
                  | mutation]
 57559 | Depths:3 | Lost mutation: Your body sometimes deteriorates upon taking
                  | damage. [potion of mutation]
 57559 | Depths:3 | Gained mutation: Your flesh is heat resistant. (rF+)
                  | [potion of mutation]
 57559 | Depths:3 | Gained mutation: You passively map a small area around you.
                  | [potion of mutation]
 57563 | Depths:3 | Voluntarily entered the Abyss.
 57795 | Depths:3 | Escaped the Abyss
 59198 | Shoals:4 | Found Qibiusi's Overcharged Wands.
 59207 | Shoals:4 | Bought a wand of iceblast (18) for 648 gold pieces
 59590 | Shoals:4 | Identified the staff of cold "Kubifrie" {+Blink rC+}
 59694 | Shoals:4 | Got a barnacled rune of Zot
 60237 | Zot:1    | Entered Level 1 of the Realm of Zot
 60243 | Zot:1    | Noticed Parghit
 61144 | Zot:1    | Found the +4 dragonskin cloak
 61144 | Zot:1    | Noticed Tiamat
 61676 | Zot:1    | Killed Tiamat
 62022 | Zot:1    | Identified the +3 ring mail "Tuzuzeot" {Str+4}
 62346 | Zot:1    | Reached XP level 27. HP: 273/273 MP: 23/23
 62356 | Zot:1    | Killed Parghit
 62525 | Zot:2    | Noticed an orb of fire
 62536 | Zot:2    | Killed an orb of fire
 64066 | Zot:2    | Identified the +0 robe of Untruth {rPois rF+ Dex+2}
 64217 | Zot:3    | Noticed an orb of fire
 64527 | Zot:3    | Gained mutation: You occasionally lose the ability to drink
                  | potions when taking damage. [an orb of fire]
 64527 | Zot:3    | Gained mutation: You sometimes lose the ability to drink
                  | potions when taking damage. [an orb of fire]
 64540 | Zot:2    | Killed an orb of fire
 65008 | Zot:3    | Gained mutation: You do not regenerate when monsters are
                  | visible. [mutagenic glow]
 65040 | Zot:3    | Lost mutation: You passively map a small area around you.
                  | [potion of mutation]
 65040 | Zot:3    | Lost mutation: You do not regenerate when monsters are
                  | visible. [potion of mutation]
 65040 | Zot:3    | Gained mutation: You occasionally shout uncontrollably at
                  | your foes. [potion of mutation]
 65040 | Zot:3    | Gained mutation: Your flesh is very heat resistant. (rF++)
                  | [potion of mutation]
 65040 | Zot:3    | Gained mutation: You have a somewhat thin skeletal
                  | structure. (Dex +2, Stealth+) [potion of mutation]
 65054 | Zot:3    | Gained mutation: Potions are less effective at restoring
                  | your health. [mutagenic glow]
 65353 | Zot:3    | Noticed an orb of fire
 65365 | Zot:3    | Killed an orb of fire
 66761 | Zot:5    | Entered Level 5 of the Realm of Zot
 66763 | Zot:5    | Identified the +0 robe of the Sun {Rampage Will- Slay+3}
 67028 | Zot:5    | Identified the +0 chain mail of the Fletcher {Int+2}
 67739 | Zot:5    | Noticed an ancient lich
 67809 | Zot:5    | Noticed an orb of fire
 67814 | Zot:5    | Noticed an orb of fire
 67839 | Zot:5    | Noticed a dread lich
 67849 | Zot:5    | Killed a dread lich
 67852 | Zot:5    | Noticed a dread lich
 67864 | Zot:5    | Killed a dread lich
 68118 | Zot:5    | Noticed a dread lich
 68130 | Zot:5    | Killed a dread lich
 68131 | Zot:5    | Reached skill level 15 in Evocations
 68219 | Zot:5    | Noticed a dread lich
 68239 | Zot:5    | Killed an orb of fire
 68260 | Zot:5    | Killed a dread lich
 68295 | Zot:5    | Noticed an ancient lich
 68301 | Zot:5    | Killed an ancient lich
 68391 | Zot:5    | Killed an ancient lich
 68391 | Zot:5    | Noticed a dread lich
 68399 | Zot:5    | Noticed an ancient lich
 68413 | Zot:5    | Killed an orb of fire
 68424 | Zot:5    | Noticed an orb of fire
 68448 | Zot:5    | Noticed a dread lich
 68483 | Zot:5    | Killed a dread lich
 68896 | Hell     | Entered the Vestibule of Hell
 68896 | Hell     | Noticed Geryon
 68946 | Depths:3 | Voluntarily entered the Abyss.
 69228 | Abyss:3  | Gained mutation: Your magical capacity is low. (-10% MP) [a
                  | neqoxec]
 69366 | Depths:3 | Escaped the Abyss
 69656 | Depths:3 | Voluntarily entered the Abyss.
 69990 | Abyss:3  | Found a corrupted altar of Lugonu.
 69992 | Abyss:3  | Gained mutation: You are dopey. (Int -2) [a neqoxec]
 70059 | Depths:3 | Escaped the Abyss
 70377 | Depths:3 | Lost mutation: Your flesh is very heat resistant. (rF++)
                  | [potion of mutation]
 70377 | Depths:3 | Lost mutation: You have a somewhat thin skeletal structure.
                  | (Dex +2, Stealth+) [potion of mutation]
 70377 | Depths:3 | Lost mutation: You have a pair of small horns on your head.
                  | [potion of mutation]
 70377 | Depths:3 | Gained mutation: You have hidden genetic potential. [potion
                  | of mutation]
 70377 | Depths:3 | Gained mutation: You are partially covered in large bone
                  | plates. (SH +4) [potion of mutation]
 70816 | Slime:1  | Entered Level 1 of the Pits of Slime
 71052 | Slime:3  | Lost mutation: You are dopey. (Int -2) [a shining eye]
 71056 | Slime:3  | Lost mutation: You are partially covered in large bone
                  | plates. (SH +4) [a shining eye]
 71075 | Slime:3  | Gained mutation: You are dopey. (Int -2) [a shining eye]
 71247 | Slime:5  | Entered Level 5 of the Pits of Slime
 71281 | Slime:5  | Noticed the Royal Jelly
 71328 | Slime:4  | Gained mutation: You occasionally lose the ability to read
                  | scrolls when taking damage. [a shining eye]
 72296 | Slime:5  | Killed the Royal Jelly
 72500 | Slime:5  | Identified the amulet of Bomuroix {Acrobat rElec SInv
                  | Stlth-}
 72506 | Slime:5  | Got the Tome of Kinetic Energy and the Commander
 72516 | Slime:5  | Got the Papyrus of Malevolent Spells
 72564 | Slime:5  | Identified the +6 sling of Kuhys {freeze, Fragile rF+ rC+
                  | Int+2}
 72577 | Slime:5  | Identified the +9 sling of Peddiodu {drain, rF+ rC- Int+3}
 72614 | Slime:5  | Got a slimy rune of Zot
 72743 | Slime:5  | Lost mutation: You sometimes lose the ability to drink
                  | potions when taking damage. [potion of mutation]
 72743 | Slime:5  | Lost mutation: You occasionally shout uncontrollably at
                  | your foes. [potion of mutation]
 72743 | Slime:5  | Lost mutation: Your flesh is heat resistant. (rF+) [potion
                  | of mutation]
 72743 | Slime:5  | Lost mutation: You occasionally lose the ability to read
                  | scrolls when taking damage. [potion of mutation]
 72743 | Slime:5  | Gained mutation: You are agile. (Dex +4, Str/Int -1)
                  | [potion of mutation]
 72744 | Slime:5  | Lost mutation: You are dopey. (Int -2) [potion of mutation]
 72744 | Slime:5  | Lost mutation: You occasionally lose the ability to drink
                  | potions when taking damage. [potion of mutation]
 72744 | Slime:5  | Lost mutation: Your magical capacity is low. (-10% MP)
                  | [potion of mutation]
 72744 | Slime:5  | Gained mutation: Your spells are a little harder to cast,
                  | but a little more powerful. [potion of mutation]
 72744 | Slime:5  | Gained mutation: Your flesh is cold resistant. (rC+)
                  | [potion of mutation]
 73238 | Hell     | Killed Geryon
 73385 | Hell     | Paralysed by a wendigo for 1 turns
 73554 | Hell     | Found a gateway to the decaying netherworld of Tartarus.
 73639 | Hell     | Found a gateway to the ashen valley of Gehenna.
 73743 | Hell     | Found a gateway to the Iron City of Dis.
 73821 | Hell     | Found a gateway to the freezing wastes of Cocytus.
 73938 | Coc:1    | Entered Level 1 of Cocytus
 74292 | Coc:2    | You fall into a shaft and drop 1 floor!
 74388 | Coc:3    | Paralysed by a wendigo for 1 turns
 74559 | Coc:5    | Reached skill level 27 in Shields
 74996 | Coc:6    | Paralysed by a wendigo for 1 turns
 75443 | Coc:7    | Entered Level 7 of Cocytus
 75507 | Coc:7    | Gained mutation: You have sharp fingernails. [hidden
                  | potential]
 75522 | Coc:7    | Paralysed by a wendigo for 1 turns
 77515 | Coc:7    | Identified the +8 spear of the Moon {spect, Str+3 Int+3}
 77515 | Coc:7    | Noticed Antaeus
 77577 | Coc:7    | Killed Antaeus
 77630 | Coc:7    | Paralysed by a wendigo for 1 turns
 77638 | Coc:7    | Paralysed by a wendigo for 1 turns
 77644 | Coc:7    | Paralysed by a wendigo for 1 turns
 77646 | Coc:7    | Paralysed by a wendigo for 1 turns
 77736 | Coc:7    | Identified the +5 quarterstaff of Blood {drain, rF+ rC+
                  | Str+3 Int-4}
 77818 | Coc:7    | Got an icy rune of Zot
 77854 | Coc:7    | Identified the +7 dagger of the Two Names {holy, rN+}
 78157 | Dis:1    | Entered Level 1 of the Iron City of Dis
 78452 | Dis:2    | Noticed a dread lich
 78472 | Dis:2    | Killed a dread lich
 79428 | Dis:6    | Gained mutation: You are partially covered in iridescent
                  | scales. (AC +2) [hidden potential]
 79428 | Dis:6    | Lost mutation: You have hidden genetic potential. [hidden
                  | potential expressed]
 79576 | Dis:6    | HP: 11/265 [Hell Sentinel/damnation (54)]
 79579 | Dis:6    | Killed from afar by a hellion

Illustrated notes

Levels and vault maps discovered:
D:1:      dpeg_arrival_fog, layout_basic, serial_shops, shop
D:2:      layout_basic, dreamdust_ecumenical_altar_hidden_monk_grotto,
          basic_altar
D:3:      layout_basic, serial_corexii_hall, chequers_hall_statues_y,
          chequers_hall_statues_corner_a, uniq_robin
D:4:      layout_layer_cave, nzn_wu_jian_council_hall,
          nicolae_dithmenos_through_a_glass_darkly, uniq_menkaure,
          uniq_eustachio
D:5:      layout_loops_ring, mainiacjoe_overflow_alcove_3
D:6:      layout_basic, minmay_temple_entry_mini_moons,
          kennysheep_generic_room_13
D:7:      layout_layer_cave, lightli_ossuary_entry_decrepit_ruins
D:8:      layout_gridville, mainiacjoe_overflow_catwalk_spiral,
          erik_lair_island, uniq_maurice, uniq_grum, uniq_prince_ribbit1
D:9:      layout_roguey, nicolae_vehumet_radiance
D:10:     minmay_ornate_pinched, layout_loops_ring, enter_bailey_5
D:11:     layout_long_grid, eino_jars
D:12:     layout_basic, erik_orc_3, serial_shops, shop
D:13:     layout_rooms, portal_ice_cave_entry_ice_simulacra, drop_trap
D:14:     layout_cave_pools, skrybe_vaults_entry_preservation,
          dreamdust_princess_corridor, minivault_20, dk_noncrumbling_2,
          chequers_serial_rivers_marsh, mikee_hates_you
D:15:     hangedman_depths_entry_try_elsewhere_first, layout_cave_pools,
          corexii_hall_statues_i
Lair:1:   layout_roguey, pdpol_lair_neglected_garden, dreamdust_gnoll_shepherd
Lair:2:   layout_long_grid, minmay_shoals_entry_lonely_mermaid,
          spider_nest_entry_webs, chequers_serial_rivers_small_b,
          beast_lair_carwin_10
Lair:3:   wander_river, layout_hall_layers, serial_forest,
          infiniplex_forest_clump_C, infiniplex_forest_lined_corner,
          infiniplex_forest_lined_2, infiniplex_forest_clump_double,
          infiniplex_forest_lined_corner, infiniplex_forest_clump_double,
          minivault_23, grunt_forest_small_clearing_treed, serial_bayou_shore_b,
          uniq_snorg, uniq_sonja
Lair:4:   layout_layer_cave, hellmonk_ghost_happy_afterlife,
          kennysheep_abandoned_house, grunt_megastairs_2
Lair:5:   minmay_lair_end_enchanted_forest, layout_long_grid,
          nicolae_slime_entry_field_trip, grunt_megastairs_4, uniq_rupert,
          uniq_josephine
Shoals:1: nicolae_shoals_offshore_bank_account, layout_shoals,
          minmay_shop_enchanted_jewellery, lemuel_altar_in_water,
          nicolae_shoals_dead_sea_scrolls, uniq_mlioglotl, uniq_louise
Shoals:2: layout_shoals, uniq_roxanne
Shoals:3: cheibrodos_shoals_gigantism, layout_shoals, uniq_polyphemus
Shoals:4: shoals_end_hangedman, layout_shoals,
          nicolae_shoals_stone_sculpture_thing, nicolae_shop_overcharged_wands
Spider:1: layout_cave_pods, uniq_agnes
Spider:2: layout_spider_delve, hangedman_spider_tarantella_strand
Spider:3: lemuel_spider_zombies
Spider:4: grunt_spider_rune_island, nicolae_spider_baby_got_redback
Slime:1:  layout_caves
Slime:2:  cheibrodos_slime_lost_civilization_3, layout_caves
Slime:3:  cheibrodos_slime_lost_civilization_2, layout_caves,
          cheibrodos_slime_lost_civilization_7
Slime:4:  layout_caves, nicolae_slime_getting_an_eyeful
Slime:5
Orc:1:    layout_diamond_mine
Orc:2:    st_orc_rangers, layout_diamond_mine, uniq_urug, uniq_azrael,
          uniq_jorgrun
Elf:1:    layout_geoelf_octagon, serial_shops, nicolae_shop_industrial_runoff,
          minmay_elf_demonology
Elf:2:    nicolae_elf_blades_crystal_corner, layout_gridlike
Elf:3:    grunt_elf_hall_asides, layout_geoelf_grid, laboratory,
          roderic_lattice_octagonal_star, uniq_mara, uniq_aizul
Vaults:1: v_alt_pattern_6, nicolae_vaults_wine_cellar, grunt_vaults_swirl,
          dpeg_vaults_monster_box, nicolae_vaults_heart-shaped_vault,
          nicolae_vaults_shipping_containers_5, nicolae_vaults_tetromino_L_1,
          nicolae_vaults_network_quinsquares
          [nicolae_vaults_network_quincunx_subvault,
          nicolae_vaults_network_quincunx_subvault,
          nicolae_vaults_network_quincunx_subvault,
          nicolae_vaults_network_quincunx_subvault], grunt_vaults_hallway_long,
          ontoclasm_vaults_idyll, nicolae_vaults_variable_pillar_hall,
          layout_vaults_maze_bifur, serial_shops,
          nicolae_shop_pleasant_corner_grove
Vaults:2: vaults_room_ringed_pool, nicolae_vaults_heist, nicolae_vaults_mitosis,
          nicolae_vaults_tetromino_T_2, vaults_room_mumra_shop_pool,
          nicolae_vaults_halls_meeting, vaults_room_fours,
          layout_vaults_chaotic_city, serial_shops, nicolae_shop_trees
Vaults:3: vaults_standard_mumra_lines, blue_anna_dwarven_crypt, v_pattern_5,
          nicolae_vaults_taking_the_gang_shopping,
          nicolae_vaults_little_squares_6, v_misc_8, vaults_dpeg_spiral,
          nicolae_vaults_doubleplus_tesselated, vaults_room_pools,
          v_alt_pattern_6, v_misc_10, ontoclasm_vaults_loading_screen,
          nicolae_vaults_apartment_2, layout_vaults_omnicross, serial_shops,
          nicolae_shop_tiny_glass
Vaults:4: infiniplex_enter_wizlab_spiral, nicolae_vaults_closet_pinwheel_4,
          grunt_vaults_bifocal, nicolae_vaults_double_plus_3,
          hangedman_vaults_restitches, vaults_mumra_hex, dpeg_vaults_waves,
          vaults_room_pool, ontoclasm_vaults_decontamination,
          nicolae_vaults_double_plus_1, ontoclasm_vaults_spin,
          layout_vaults_omnibox, serial_shops, shop, uniq_xtahua
Vaults:5
Depths:1: layout_basic, gammafunk_ghost_crypt, serial_sigils_hangedman_etch,
          grunt_hell_entry_dis_old, minmay_fountain_box, xom_confusion_cloud
Depths:2: thingy_vault, layout_cave_shapes, pan_entry, hell_entry,
          minmay_gold_behind_fungi, nicolae_keep_em_comin, serial_bayou_shore_a
Depths:3: minmay_the_grid_net [minmay_the_grid_box_x, minmay_the_grid_paths,
          minmay_the_grid_gridbox, minmay_the_grid_minigrid_medium,
          minmay_the_grid_stretched_grid, minmay_the_grid_prize_trominoes],
          layout_gridlike, abyss_entry, lightli_too_deep, serial_shops, shop,
          nicolae_shop_peninsula, shop, chequers_serial_rivers_room_a
Depths:4: grunt_twist_and_shout, layout_cave_shapes, enter_ziggurat_a,
          hell_entry, tso_metal_star
Hell
Dis:1:    layout_subdivisions
Dis:2:    layout_overlapping_boxes, nicolae_dis_big_boring_drill
Dis:3:    layout_jigsaw
Dis:4:    layout_jigsaw
Dis:5:    layout_jigsaw, evilmike_ambush [evilmike_ambush_outer_doors,
          evilmike_ambush_inner_wall_1]
Dis:6:    layout_regular_city
Coc:1:    layout_ice_bergs
Coc:2:    layout_cocytus_water_paths
Coc:3:    layout_cocytus_water_paths
Coc:4:    layout_cocytus_water_paths
Coc:5:    nicolae_coc_caina, layout_cocytus_water_paths
Coc:6:    nooodl_cocytus_jagged_cave
Coc:7:    coc_old
Zot:1:    layout_misc_corridors, zot_minivault_6, uniq_parghit, uniq_tiamat,
          uniq_grunn
Zot:2:    layout_concentric_octagons, zot_minivault_1
Zot:3:    layout_basic, nicolae_zot_crop_circle
Zot:4:    layout_gridville, st_stairs_3
Zot:5:    layout_gridlike

Skill      XL: |  1  2  3  4  5  6  7  8  9 10 11 12 13 14 15 16 17 18 19 20 21 22 23 24 25 26 27 |
---------------+----------------------------------------------------------------------------------+-----
Axes           | 3 4 5 6 7 9 11 12 14 15 17 18 24 | 24.1
Fighting       | 4 5 6 7 9 10 11 13 14 15 17 18 20 21 22 23 24 25 26 27 | 27.0
Dodging        | 1 2 3 4 5 6 7 9 10 11 12 13 14 15 16 17 18 19 20 21 23 | 23.7
Armour         | 4 5 6 8 9 10 12 14 15 17 18 23 | 23.0
Shields        | 6 8 10 13 14 16 17 19 20 21 22 23 24 25 27 | 27.0
Evocations     | 2 6 9 11 13 18 | 18.6

Action                     |  1- 3 |  4- 6 |  7- 9 | 10-12 | 13-15 | 16-18 | 19-21 | 22-24 | 25-27 || total
---------------------------+-------+-------+-------+-------+-------+-------+-------+-------+-------++-------
  Melee: War axe           |    42 |       |       |    69 |       |       |       |       |       ||   111
         Whip              |    51 |    59 |   345 |     3 |       |       |       |       |       ||   458
         Broad axe         |       |       |       |   427 |  1026 |  1384 |  1241 |  1227 |  4264 ||  9569
         Headbutt          |       |       |       |       |       |       |       |       |   590 ||   590
 Invoke: Potion Petition   |       |       |       |     2 |       |     6 |       |     9 |    27 ||    44
         Call Merchant     |       |       |       |       |     2 |       |       |       |       ||     2
         Bribe Branch      |       |       |       |       |       |       |       |       |     3 ||     3
  Evoke: Wand              |       |       |       |    12 |     2 |       |     1 |       |    14 ||    29
         Lightning rod     |       |       |       |       |       |       |       |     4 |    11 ||    15
         Phial of floods   |       |       |       |       |       |       |       |     2 |     3 ||     5
         Horn of Geryon    |       |       |       |       |       |       |       |       |     2 ||     2
    Use: Scroll            |     8 |     1 |    13 |     9 |     3 |     5 |     1 |     7 |    11 ||    58
         Potion            |     1 |     1 |       |     3 |       |     5 |       |     1 |    14 ||    25
   Stab: Distracted        |       |       |       |     4 |     4 |    15 |     5 |     7 |    35 ||    70
         Petrified         |       |       |       |       |       |     4 |       |       |       ||     4
         Petrifying        |       |       |       |       |       |     1 |       |     2 |       ||     3
         Invisible         |       |       |       |       |       |       |       |     1 |     7 ||     8
         Confused          |       |       |       |       |       |       |       |     1 |       ||     1
         Paralysed         |       |       |       |       |       |       |       |       |     1 ||     1
 Armour: Scale mail        |    44 |    44 |   125 |    61 |       |       |       |       |       ||   274
         Plate armour      |       |       |       |   153 |   416 |   448 |   271 |   349 |   962 ||  2599
         Chain mail        |       |       |       |     1 |       |       |       |       |       ||     1
  Dodge: Dodged            |    37 |    36 |   104 |   141 |   234 |   309 |   195 |   200 |   776 ||  2032
         Repelled          |       |       |       |       |       |     2 |       |       |       ||     2
  Block: Buckler           |    44 |    34 |   144 |   183 |    58 |       |       |       |       ||   463
         Reflection        |       |     1 |     1 |    17 |    47 |    57 |       |       |       ||   123
         Kite shield       |       |       |       |       |   414 |   292 |       |       |  4173 ||  4879
         Tower shield      |       |       |       |       |       |   604 |   710 |   765 |    11 ||  2090
